 Dungeon Crawl Stone Soup version 0.29.0-4-gdea44cf6ec (webtiles) character file.

Game seed: 7544166230593723803

338 qw the Chopper (level 6, -1/39 HPs)
             Began as a Gargoyle Fighter on Sept 8, 2022.
             Slain by a steam dragon (7 damage)
             ... on level 4 of the Dungeon.
             The game lasted 00:01:16 (3039 turns).

qw the Chopper (Gargoyle Fighter)                   Turns: 3039, Time: 00:01:16

Health: -1/39      AC: 12    Str: 21    XL:     6   Next: 55%
Magic:  6/6        EV:  9    Int:  9    God:
Gold:   138        SH:  4    Dex:  9    Spells: 5/5 levels left

rFire   . . .      SeeInvis .   Y - +0 war axe (vorpal)
rCold   . . .      Faith    .   c - +0 buckler
rNeg    + . .      Spirit   .   b - +0 scale mail
rPois   inf        Reflect  .   g - +0 helmet
rElec   +          Harm     .   (no cloak)
rCorr   +          Rampage  .   (no gloves)
Will    .....                   (no boots)
Stlth   ..........              m - amulet of regeneration
HPRegen 0.93/turn               l - ring of resist corrosion
MPRegen 0.10/turn               (no ring)

@: no status effects
A: sickness immunity, AC +4, negative energy resistance 1, electricity
resistance, torment resistance 1, petrification resistance
a: no special abilities


You were on level 4 of the Dungeon.
You visited 1 branch of the dungeon, and saw 4 of its levels.

You collected 187 gold pieces.
You spent 49 gold pieces at shops.


Innate Abilities, Weirdness & Mutations

You are immune to sickness and miasma.
Your stone body is resilient. (AC +4)
You are immune to poison.
You resist negative energy. (rN+)
You are resistant to electric shocks. (rElec)
You are resistant to unholy torment.
You are immune to petrification.


   Skills:
 - Level 4.6 Fighting
 - Level 5.4 Axes
 - Level 3.2 Armour
 + Level 0.0 Dodging
 - Level 3.2 Shields


You had 5 spell levels left.
You didn't know any spells.
Your spell library was empty.

Inventory:

Hand Weapons
 o - a +0 flail
 Y - a +0 vorpal war axe (weapon)
Missiles
 n - 4 boomerangs (quivered)
Armour
 b - a +0 scale mail (worn)
 c - a +0 buckler (worn)
 e - a +1 hat
 g - a +0 helmet (worn)
 p - a +0 cloak
Jewellery
 l - a ring of resist corrosion (left hand)
 m - an amulet of regeneration (around neck)
Scrolls
 j - a scroll of identify
Potions
 a - a potion of heal wounds {unknown}
 d - a potion of might
 f - a potion of flight {unknown}
 h - 2 potions of lignification
 i - a potion of haste {unknown}
 k - 7 potions of curing
 q - a potion of mutation {unknown}
 r - a potion of attraction {unknown}

Dungeon Overview and Level Annotations

Branches:
Dungeon (4/15)
 Temple: D:4-7

Altars:
Fedhas
Makhleb
Trog
Wu Jian

Shops:
D:4 *


Message History

Your body is wracked with pain!
You barely miss Menkaure.
Menkaure is almost destroyed.
Menkaure mumbles some strange words.
Menkaure seems to speed up.
You slash Menkaure!
You destroy Menkaure!
Your Fighting skill increases to level 4!
You have reached level 6!
You start resting.
HP restored.
There is an entrance to Ugufyutt's Neck Hole here.
There is a stone staircase leading up here.
You now have 138 gold pieces (gained 16).
A steam dragon comes into view.
The steam dragon breathes steam at you. The ball of steam hits you.
You're standing in a cloud of steam!
You are engulfed in a cloud of scalding steam.
You're standing in a cloud of steam!
You are engulfed in a cloud of scalding steam.
You're standing in a cloud of steam!
You're standing in a cloud of steam!
3035 ||| Stepping randomly (cloudy).
You are engulfed in a cloud of scalding steam.
Found a scroll of identify.
An endoplasm comes into view.
The endoplasm quivers.
The steam dragon bites you. The steam dragon claws you.
You barely miss the steam dragon.
The steam dragon bites you but does no damage.
The steam dragon claws you but does no damage.
You closely miss the steam dragon. The steam dragon breathes steam at you.
The ball of steam hits you!
You hit the steam dragon.
The steam dragon is lightly wounded.
You are engulfed in a cloud of scalding steam.
The steam dragon bites you!
You die...

## <####(#####
###...### ......>...#
......? #####.###.#
....... ###.### .....
### #.....# #...# ...
#.....# ... #
###...### #D# #.
#.#..# #@# #. #\##.#
#¤# #.##.##.###¤# #
#.#...#<....# ##
#.....#....#
.######.....##......#
#...##.......#.#.#..#
.##.##..###.........#
###.#.#......#.#.#.##


You could see a steam dragon (catching breath).

Vanquished Creatures
  Menkaure (D:4)
  A phantom (D:4)
  5 gnolls
  3 adders
  2 worms
  A dart slug (D:2)
  An orc (D:3)
  5 ball pythons
  3 bats
  6 endoplasms
  4 goblins
  9 hobgoblins
  4 jackals (D:4)
  10 kobolds
  A quokka (D:3)
  3 frilled lizards
  6 rats
65 creatures vanquished.

Notes
Turn   | Place    | Note
-------+----------+-------------------------------------------
     0 | D:1      | qw the Gargoyle Fighter began the quest for the Orb.
     0 | D:1      | Reached XP level 1. HP: 14/14 MP: 1/1
     0 | D:1      | 0 ||| qw: Version: 0.1-a-112-g44dc6cd
     0 | D:1      | 0 ||| qw: Game counter: 6768
     0 | D:1      | 0 ||| qw: Always use a shield: true
     0 | D:1      | 0 ||| qw: God list: Okawaru
     0 | D:1      | 0 ||| qw: Allow faded altars: false
     0 | D:1      | 0 ||| qw: Do Orc after D:15 true
     0 | D:1      | 0 ||| qw: Do second Lair branch before Depths: true
     0 | D:1      | 0 ||| qw: Lair rune preference: random
     0 | D:1      | 0 ||| qw: Plans: Normal, Zot, God:TSO, Crypt, Tomb, Zig,
                  | Orb
     0 | D:1      | 0 ||| PLANNING D:1-11
   192 | D:1      | Reached skill level 2 in Axes
   257 | D:1      | Found a faded altar of an unknown god.
   317 | D:1      | Reached XP level 2. HP: 19/19 MP: 2/2
  1050 | D:1      | 1050 ||| Stepping ~*~*~tactically~*~*~ (stealth).
  1051 | D:1      | 1051 ||| Stepping ~*~*~tactically~*~*~ (stealth).
  1233 | D:1      | 1233 ||| UPGRADING to +0 helmet.
  1238 | D:1      | 1238 ||| READING scroll labelled YNITOG IKUUL.
  1239 | D:1      | 1239 ||| READING scroll labelled WIRHYG LIABE.
  1240 | D:1      | 1240 ||| READING scroll labelled JOUNABREOBO.
  1241 | D:1      | 1241 ||| READING scroll labelled NULIEK JUTUUDO.
  1242 | D:1      | 1242 ||| READING scroll labelled GIQASE QIEM.
  1243 | D:1      | 1243 ||| DRINKING 3 smoky golden potions.
  1328 | D:2      | Reached skill level 3 in Axes
  1380 | D:2      | Reached XP level 3. HP: 23/23 MP: 3/3
  1479 | D:2      | 1479 ||| Stepping ~*~*~tactically~*~*~ (stealth).
  2093 | D:2      | Reached XP level 4. HP: 28/28 MP: 4/4
  2268 | D:2      | 2268 ||| UPGRADING to amulet of regeneration.
  2273 | D:2      | 2273 ||| DROPPING +6 ring of intelligence.
  2274 | D:2      | 2274 ||| UPGRADING to ring of resist corrosion.
  2275 | D:2      | 2275 ||| DRINKING 2 white potions.
  2313 | D:2      | 2313 ||| DRINKING 2 clear potions.
  2417 | D:2      | 2417 ||| DROPPING potion of berserk rage.
  2445 | D:3      | 2445 ||| STAIRDANCE
  2450 | D:3      | 2450 ||| STAIRDANCE
  2456 | D:2      | Reached skill level 4 in Axes
  2512 | D:3      | Found a bloodstained altar of Trog.
  2532 | D:3      | 2532 ||| DROPPING +0 mace.
  2706 | D:3      | Found a burning altar of Makhleb.
  2730 | D:3      | Found a blossoming altar of Fedhas.
  2736 | D:3      | Found an ornate altar of the Wu Jian Council.
  2783 | D:3      | 2783 ||| Stepping ~*~*~tactically~*~*~ (stealth).
  2844 | D:3      | 2844 ||| DROPPING amulet of magic regeneration.
  2845 | D:3      | 2845 ||| READING scroll labelled BUINYM GINGI.
  2846 | D:3      | 2846 ||| READING scroll labelled VYHUAN ONYGRO.
  2847 | D:3      | 2847 ||| READING scroll labelled PUYRCH ILEF.
  2897 | D:4      | 2897 ||| Stepping ~*~*~tactically~*~*~ (stealth).
  2899 | D:4      | 2899 ||| Stepping ~*~*~tactically~*~*~ (hiding).
  2906 | D:4      | Reached XP level 5. HP: 30/32 MP: 5/5
  2931 | D:4      | 2931 ||| DROPPING +2 antimagic whip.
  2947 | D:4      | 2947 ||| Stepping ~*~*~tactically~*~*~ (stealth).
  2950 | D:4      | 2950 ||| Stepping ~*~*~tactically~*~*~ (stealth).
  2952 | D:4      | Noticed a phantom
  2969 | D:4      | Killed a phantom
  2970 | D:4      | Reached skill level 5 in Axes
  2998 | D:4      | Found Ugufyutt's Neck Hole.
  3005 | D:4      | Noticed Menkaure
  3006 | D:4      | 3006 ||| BUYING +0 cloak (49 gold).
  3006 | D:4      | Bought a +0 cloak for 49 gold pieces
  3006 | D:4      | 3006 ||| SHOPLISTING +2 cloak (181 gold, have 122).
  3006 | D:4      | 3006 ||| SHOPLISTING scarf of resistance (352 gold, have
                  | 122).
  3011 | D:4      | Killed Menkaure
  3012 | D:4      | Reached XP level 6. HP: 30/39 MP: 6/6
  3031 | D:4      | Noticed a steam dragon
  3035 | D:4      | 3035 ||| Stepping randomly (cloudy).
  3039 | D:4      | HP: 5/39 [steam dragon] (11)]
  3039 | D:4      | Slain by a steam dragon

Levels and vault maps discovered:
D:1:      dpeg_arrival_pond, layout_basic, shapermc_ecumenical_altar_acropolis
D:2:      layout_loops_corners
D:3:      layout_rooms, trog_antimagical, lightli_temple_of_fire,
          mainiacjoe_overflow_large_starburst
D:4:      layout_loops_ring, led_sif_pool, nicolae_shop_sticking_my_neck_out,
          uniq_robin, uniq_menkaure, uniq_edmund, uniq_pikel

Skill      XL: |  1  2  3  4  5 |
---------------+----------------+-----
Axes           | 2 3 4 5 |  5.4
Fighting       | 4 |  4.6
Armour         | |  3.2
Shields        | |  3.2

Action                   |  1- 3 |  4- 6 || total
-------------------------+-------+-------++-------
Melee: War axe           |   105 |    65 ||   170
Throw: Boomerang         |       |    20 ||    20
  Use: Scroll            |     5 |     3 ||     8
       Potion            |     1 |     2 ||     3
Armor: Scale mail        |    47 |    37 ||    84
Dodge: Dodged            |    33 |    31 ||    64
Block: Buckler           |    12 |     9 ||    21

Table legend:
 A = Non-vault XP
 B = Vault XP
 C = Vault XP percentage of total XP
 D = Non-vault monster count
 E = Vault monster count
 F = Vault count percentage of total count
                 A         B        C        D         E       F
            +---------+---------+-------+---------+---------+-------
      Total |     295 |     188 |  38.9 |      61 |       4 |   6.2
            +---------+---------+-------+---------+---------+-------
        D:1 |      28 |       0 |   0.0 |      17 |       0 |   0.0
        D:2 |      72 |       0 |   0.0 |      25 |       0 |   0.0
        D:3 |      18 |      19 |  51.4 |       9 |       3 |  25.0
        D:4 |     177 |     169 |  48.8 |      10 |       1 |   9.1
            +---------+---------+-------+---------+---------+-------
